 Dungeon Crawl Stone Soup version bcrawl-1.40.2 (webtiles) character file.

Game seed: 15208293049420963787

15580789 Artagas the Archmage (level 26, 244/244 HPs)
             Began as a Djinni Monk on Nov 11, 2023.
             Was the Champion of Vehumet.
             Escaped with the Orb
             ... and 3 runes on Nov 12, 2023!
             The game lasted 03:33:30 (62720 turns).

Artagas the Archmage (Djinni Monk)                 Turns: 62720, Time: 03:33:30

Health: 244/244    AC: 12    Str: 17    XL:     26   Next: 83%
Magic:  29/64      EV: 22    Int: 41    God:    Vehumet [******]
Gold:   3602       SH: 11    Dex: 13    Spells: 17/79 levels left

rFire    + + +     GDR:     33% P - staff of conjuration
rCold    . . .     SeeInvis +   O - +4 buckler {rPois}
rNeg     . . .     Gourm    +   G - +2 robe of the Moon {+Inv Regen+ Int+6 Stlth+}
rPois    +         Faith    .   k - +3 crown of Dyrovepreva {rElec Int+2 SInv}
rElec    +         Spirit   .   Z - +0 cloak of Yno Qaw {Int+7} (curse)
rCorr    .         Reflect  .   X - +2 pair of gloves {archery}
MR       +++++     Rnd*Rage +   (boots unavailable)
Stlth    +.........             K - amulet of Starshine {Gourm *Contam rF++ MR+++}
HPRegen  0.90/turn              F - ring "Mioq" {Wiz *Contam +Blink rElec}
MPRegen  0.39/turn              r - +6 ring of intelligence

@: flying, hasted, studying Short Blades, very quick
A: never pass out, berserk 2, blink, blurry vision 2, dopey 1, fire resistance
1, hurl hellfire, high mp 2, wild magic 3, no potion heal 1, disrupted magic 1,
MP-powered wands, floating
0: Orb of Zot
}: 3/15 runes: decaying, slimy, gossamer
a: Hurl Hellfire, Blink, Renounce Religion, Evoke Blink, Evoke Invisibility


You escaped.
You worshipped Vehumet.
Vehumet was exalted by your worship.
You were not hungry.

You visited 11 branches of the dungeon, and saw 46 of its levels.
You visited 1 bazaar.
You also visited: Bailey, Gauntlet and Ice Cave.

You collected 7454 gold pieces.
You spent 3852 gold pieces at shops.

Inventory:

Hand Weapons
 D - the +10 long sword "Killer Klown's Curse" {freeze, rPois MR++ Str+3 Dex-5}
   (You took it off a deep elf demonologist on level 3 of the Elven Halls)

   It has been specially enchanted to freeze those struck by it, increasing
   damage dealt by approximately one third against foes not resistant or
   susceptible to cold, and potentially slowing cold-blooded foes.
   It affects your strength (+3).
   It affects your dexterity (-5).
   It protects you from poison.
   It affects your resistance to hostile enchantments.
Missiles
 E - 1226 poisoned tomahawks (quivered)
 T - 2 throwing nets {=f}
Armour
 k - the +3 crown of Dyrovepreva (worn) {rElec Int+2 SInv}
   (You found it on level 6 of the Lair of Beasts)

   It affects your intelligence (+2).
   It insulates you from electricity.
   It lets you see invisible.
 y - the -2 hat of the Alchemist {rElec rPois rF+ rC+ rN+ MR+ rMut rCorr}
   (You found it on level 1 of the Elven Halls)

   It protects you from fire.
   It protects you from cold.
   It insulates you from electricity.
   It protects you from poison.
   It protects you from negative energy.
   It affects your resistance to hostile enchantments.
   It provides partial protection from all sources of acid and corrosion.
   It protects you from mutation.
 G - the +2 robe of the Moon (worn) {+Inv Regen+ Int+6 Stlth+}
   (You took it off a tengu conjurer on level 2 of the Elven Halls)

   It affects your intelligence (+6).
   It lets you turn invisible.
   It increases your rate of regeneration.
   It makes you more stealthy.
 O - a +4 buckler of poison resistance (worn)
   (You took it off a tengu reaver on level 1 of the Depths)
 X - a +2 pair of gloves of archery (worn)
   (You bought it in a shop on level 1 of the Vaults)
 Z - the cursed +0 cloak of Yno Qaw (worn) {Int+7}
   (You found it on level 6 of the Lair of Beasts)

   It affects your intelligence (+7).
   It has a curse placed upon it.
Magical Staves
 P - an uncursed staff of conjuration (weapon)
   (You found it in a bailey)
Jewellery
 b - the amulet "Saqaoq Vepn" {Inacc *Contam +Inv rC+++ MP+9}
   (You found it in an ice cave)

   [amulet of inaccuracy]

   It reduces the accuracy of all your attacks.
   It renders you almost immune to cold.
   It affects your magic capacity (+9).
   It lets you turn invisible.
   It causes magical contamination when unequipped.
 c - an uncursed ring of protection from cold
   (You found it in an ice cave)
 g - the amulet of Neupn {Faith MR+ MP+9 Int-2}
   (You found it in an ice cave)

   [amulet of faith]

   It allows you to gain divine favour quickly.
   It affects your intelligence (-2).
   It affects your resistance to hostile enchantments.
   It affects your magic capacity (+9).
 i - a +3 ring of intelligence
   (You found it on level 4 of the Depths)
 o - an uncursed ring of poison resistance
   (You found it on level 7 of the Dungeon)
 r - a +6 ring of intelligence (right hand)
   (You found it on level 1 of the Spider Nest)
 A - an uncursed ring of positive energy
   (You found it in an ice cave)
 F - the ring "Mioq" (left hand) {Wiz *Contam +Blink rElec}
   (You found it in an ice cave)

   [ring of wizardry]

   It improves your spell success rate.
   It insulates you from electricity.
   It lets you blink.
   It causes magical contamination when unequipped.
 K - the amulet of Starshine (around neck) {Gourm *Contam rF++ MR+++}
   (You found it on level 5 of the Pits of Slime)

   [amulet of the gourmand]

   It allows you to eat raw meat even when not hungry.
   It greatly protects you from fire.
   It affects your resistance to hostile enchantments.
   It causes magical contamination when unequipped.
Wands
 v - a wand of digging (3)
   (You found it on level 9 of the Dungeon)
 C - a wand of acid (20)
   (You took it off Psyche on level 11 of the Dungeon)
 H - a wand of charming (34)
   (You found it on level 3 of the Lair of Beasts)
 L - a wand of iceblast (27)
   (You found it on level 7 of the Dungeon)
 N - a wand of paralysis (14)
   (You found it on level 11 of the Dungeon)
 V - a wand of clouds (5)
   (You found it on level 5 of the Depths)
Scrolls
 a - 4 scrolls of vulnerability
 j - 2 scrolls of summoning
 t - 18 scrolls of teleportation
 u - 8 scrolls of fog
 z - 6 scrolls of blinking
 I - 2 scrolls of revelation
 Q - 4 scrolls of fear
 S - 4 scrolls of immolation
Potions
 d - 10 potions of might
 f - 2 potions of magic
 h - 4 potions of haste
 l - 6 potions of berserk rage
 n - 3 potions of resistance
 p - a potion of invisibility
 q - 13 potions of curing
 s - 7 potions of agility
 w - 3 potions of heal wounds
 x - 7 potions of lignification
 B - 2 potions of cancellation
 M - 8 potions of ambrosia
 U - 10 potions of mutation
 W - 6 potions of flight
 Y - a potion of brilliance
Miscellaneous
 m - a lamp of fire
   (You found it on level 5 of the Pits of Slime)
 J - a sack of spiders
   (You found it on level 6 of the Lair of Beasts)
 R - 2 phantom mirrors
Comestibles
 e - 68 rations {!d}


   Skills:
 + Level 21.0 Fighting
 - Level 6.0 Long Blades
 - Level 2.0 Throwing
 - Level 10.0 Armour
 + Level 18.1 Dodging
 - Level 1.5 Stealth
 - Level 9.0 Shields
 O Level 27 Spellcasting
 - Level 18.0 Conjurations
 - Level 4.0 Hexes
 - Level 3.0 Transmutations
 - Level 4.0 Fire Magic
 - Level 14.0 Ice Magic
 - Level 20.0 Air Magic
 - Level 3.0 Earth Magic
 - Level 3.0 Poison Magic
   Level 2.1 Invocations
 - Level 15.0 Evocations


You had 17 spell levels left.
You knew the following spells:

 Your Spells              Type           Power        Failure   Level  Hunger
a - Icicle Burst          Conj/Ice       #########.   1%          7    None
b - Chain Lightning       Conj/Air       #########.   1%          8    None
c - Glaciate              Conj/Ice/Air   #########.   1%          8    None
d - Orb of Destruction    Conj           #########.   1%          7    None
e - Conjure Ball Lightni  Conj/Air       #########.   1%          6    None
f - Mephitic Cloud        Conj/Pois/Air  ########     1%          3    None
g - Magic Dart            Conj           ####         1%          1    None
h - Poisonous Vapours     Pois/Air       ######       1%          2    None
i - Mana Rupture          Conj/Hex       #########.   2%          7    None
j - Ignite Poison         Fire/Tmut/Pois ########     1%          3    None
k - Ice Form              Ice/Tmut       ########     1%          4    None
l - Yara's Violent Unrav  Hex/Tmut       ########..   1%          4    None
m - Passwall              Tmut/Erth      ########     2%          2    None

Your spell library contained the following spells:

 Spells                   Type           Power        Failure   Level  Hunger
 Tornado                  Tloc/Air       ########..   13%         8    None
 Ignition                 Hex/Fire       ########..   63%         8    None
 Shatter                  Erth           ########..   100%        9    None
 Beastly Appendage        Tmut           ######       1%          1    None
 Freeze                   Ice            ######       1%          1    None
 Sandblast                Erth           ######       1%          1    None
 Static Discharge         Air            ######       1%          1    None
 Sting                    Conj/Pois      ####         1%          1    None
 Shock                    Conj/Air       #######      1%          2    None
 Swiftness                Chrm/Air       ########     1%          2    None
 Throw Frost              Conj/Ice       ######       1%          2    None
 Conjure Flame            Conj/Fire      ########     1%          3    None
 Dazzling Orbs            Conj/Hex       #######      1%          3    None
 Ozocubu's Armour         Chrm/Ice       ########     1%          3    None
 Stone Arrow              Conj/Erth      ######       1%          3    None
 Lightning Bolt           Conj/Air       ########     1%          4    None
 Throw Icicle             Conj/Ice       ########     1%          4    None
 Bolt of Magma            Conj/Fire/Erth #########.   1%          5    None
 Iskenderun's Battlesphe  Conj/Chrm      ########     1%          5    None
 Silence                  Hex/Air        ########..   1%          5    None
 Venom Bolt               Conj/Pois      #########.   1%          5    None
 Iron Shot                Conj/Erth      #########.   1%          6    None
 Sticks to Snakes         Tmut           ########     2%          2    None
 Confuse                  Hex            ########     2%          3    None
 Spider Form              Tmut/Pois      ###          2%          3    None
 Summon Ice Beast         Ice/Summ       ########     2%          4    None
 Lee's Rapid Deconstruct  Erth           ########..   2%          5    None
 Infusion                 Chrm           #######.     3%          1    None
 Necrotize                Necr           ######       3%          1    None
 Blink                    Tloc           N/A          3%          2    None
 Call Imp                 Summ           ######       3%          2    None
 Song of Slaying          Chrm           #######.     3%          2    None
 Spectral Weapon          Hex/Chrm       #######.     3%          3    None
 Regeneration             Chrm/Necr      #######...   4%          3    None
 Vampiric Draining        Necr           #######...   4%          3    None
 Olgreb's Toxic Radiance  Pois           ########.    4%          4    None
 Petrify                  Tmut/Erth      ########..   4%          4    None
 Tree Form                Hex/Tmut       N/A          4%          4    None
 Summon Scorpions         Summ/Pois      #######.     7%          4    None
 Blade Hands              Tmut           ########..   9%          5    None
 Agony                    Necr           #######.     10%         4    None
 Animate Dead             Necr           N/A          10%         4    None
 Steam Barrier            Chrm/Fire      #######...   11%         5    None
 Lehudib's Crystal Spear  Conj/Erth      #########.   12%         8    None
 Dispel Undead            Necr           #######.     19%         5    None
 Piercing Shot            Chrm           #######...   19%         5    None
 Statue Form              Tmut/Erth      ########.    26%         6    None
 Dragon Form              Tmut           #######      67%         7    None
 Blight                   Necr/Pois      #######..    83%         7    None
 Necromutation            Tmut/Necr      #######.     100%        8    None
 Time Stop                Chrm/Tloc      N/A          100%        8    None
 Fire Storm               Fire           ########..   100%        9    None


Dungeon Overview and Level Annotations

Branches:
Dungeon (12/12)            Temple (1/1) D:6            Lair (6/6) D:9
  Swamp (3/3) Lair:4       Spider (3/3) Lair:3        Slime (5/5) Orc
    Orc (1/1) D:9             Elf (3/3) Lair:6       Vaults (2/3) D:12
  Crypt (0/2) Vaults:1     Depths (5/5) D:12            Zot (5/5) Depths:5

Altars:
Ashenzari
Cheibriados
Dithmenos
Elyvilon
Fedhas
Gozag
Hepliaklqana
Kikubaaqudgha
Lugonu
Makhleb
Nemelex Xobeh
Okawaru
Qazlal
Ru
Sif Muna
Trog
Uskayaw
Vehumet
Wu Jian
Xom
Yredelemnul
Zin
The Shining One
Jiyva

Shops:
D:4 :   D:5 %   D:8 [   D:9 ((   D:10 *=[!   D:11 (   D:12 }   Orc =:[(%
Elf:2 }==   Vaults:1 [   Vaults:2 %   Depths:3 [   Depths:5 *

Portals:
Hell: Lair:6 Depths:1 Depths:2 Depths:3 Depths:4 Depths:5
Abyss: Depths:1 Depths:3 Depths:4
Pandemonium: Depths:3
Ziggurat: Depths:1

Annotations:
D:9 1 runed door
Lair:1 2 transporters, kosoiffoigrumme1174's ghost, journeyman VSCK
Swamp:1 2 transporters, SansUndertale's ghost, journeyman NaAc
Elf:1 6 runed translucent doors
Elf:2 3 runed doors


Innate Abilities, Weirdness & Mutations

You never pass out after going berserk.
You often lose your temper in combat.
You can translocate small distances at will.
Scrolls take you longer to read.
Your flesh is heat resistant. (rF+)
You can hurl hellfire.
You have a considerably increased reservoir of magic. (+20% MP)
Your spells are much harder to cast, but much more powerful.
Your casting is slightly disrupted.
You expend magic power (3 MP) to strengthen your wands.
Your body floats in the air.
You are dopey. (Int -2)
Potions are less effective at restoring your health.


Message History

There is a stone staircase leading up here.
A rune on the stairs sparks and fizzles.
You fly upwards.
There is a stone staircase leading down here.
(D) Dungeon (T) Temple (L) Lair (S) Swamp (N) Spider Nest (M) Slime Pits (O) Orcish Mines (E) Elven Halls (V) Vaults (C) Crypt (U) Depths (H) Hell (Z) Zot
Where to? (Enter - D:1 @ (x,y), ? - help)
There is a stone staircase leading up here.
You fly upwards.
There is a stone staircase leading down here.
There is a stone staircase leading up here.
You fly upwards.
There is a stone staircase leading down here.
You see here an uncursed amulet of inaccuracy.
Magic restored.
Your magical contamination has completely faded away.
There is an open door, spattered with blood here.
There is an open door here.
A ynoxinul comes into view.
Casting: Icicle Burst (safe; 1% risk of failure)
Confirm with . or Enter, or press ? or * to list all spells.
Aiming: Icicle Burst (safe; 1% risk of failure)
Press: ? - help, Shift-Dir - straight line, f - ynoxinul
Aim: a ynoxinul You feel a surge of power!
Casting: Icicle Burst (safe; 1% risk of failure)
Confirm with . or Enter, or press ? or * to list all spells.
Aiming: Icicle Burst (safe; 1% risk of failure)
Press: ? - help, Shift-Dir - straight line, f/p - ynoxinul
Aim: a ynoxinul You feel a surge of power!
Ceys Kameh comes into view. It is armed with a chaotic touch.
Press: ? - help, v - describe, . - travel
Here: Ceys Kameh, armed with a chaotic touch
There is an open door here.
You feel yourself speed up.
An ufetubus comes into view.
Casting: Icicle Burst (safe; 1% risk of failure)
Confirm with . or Enter, or press ? or * to list all spells.
Aiming: Glaciate (safe; 1% risk of failure)
Press: ? - help, Shift-Dir - straight line, f/p - ynoxinul
Aim: a ynoxinul You feel a surge of power!
You conjure a mighty blast of ice!
The great icy blast engulfs Ceys Kameh!!!!
Ceys Kameh partially resists.
Ceys Kameh is moderately wounded.
Ceys Kameh is flash-frozen.
The great icy blast engulfs the ynoxinul!!!!
The ynoxinul partially resists.
The ynoxinul is frozen into a solid block of ice!
You kill the ynoxinul!
Vehumet accepts your kill.
You feel your power returning.
The great icy blast engulfs the ufetubus!!!!
The ufetubus partially resists.
You kill the ufetubus!
Vehumet accepts your kill.
You feel your power returning.
Casting: Glaciate (safe; 1% risk of failure)
Confirm with . or Enter, or press ? or * to list all spells.
Aiming: Glaciate (safe; 1% risk of failure)
Press: ? - help, Shift-Dir - straight line, f - Ceys Kameh
Aim: Ceys Kameh, armed with a chaotic touch (freezing vapour, moderately wounded, encased in ice)
You feel a surge of power!
You conjure a mighty blast of ice!
The great icy blast engulfs Ceys Kameh!!!
Ceys Kameh partially resists.
Ceys Kameh is severely wounded.
A large abomination comes into view.
Casting: Glaciate (safe; 1% risk of failure)
Confirm with . or Enter, or press ? or * to list all spells.
Aiming: Glaciate (safe; 1% risk of failure)
Press: ? - help, Shift-Dir - straight line, f/p - Ceys Kameh
Aim: Ceys Kameh, armed with a chaotic touch (freezing vapour, severely wounded, encased in ice)
You feel a surge of power!
You conjure a mighty blast of ice!
The great icy blast engulfs Ceys Kameh!!!
Ceys Kameh partially resists.
Ceys Kameh is almost dead.
The great icy blast engulfs the large abomination!!!!
You destroy the large abomination!
Vehumet accepts your kill.
You feel your power returning.
Ceys Kameh is engulfed in freezing vapours.
Ceys Kameh hits you but does no damage.
Casting: Glaciate (safe; 1% risk of failure)
Confirm with . or Enter, or press ? or * to list all spells.
Aiming: Glaciate (safe; 1% risk of failure)
Press: ? - help, Shift-Dir - straight line, f/p - Ceys Kameh
Aim: Ceys Kameh, armed with a chaotic touch (freezing vapour, almost dead, encased in ice)
You feel a surge of power!
You conjure a mighty blast of ice!
The great icy blast engulfs Ceys Kameh!!!
Ceys Kameh partially resists.
Ceys Kameh is frozen into a solid block of ice!
You kill Ceys Kameh!
Vehumet accepts your kill.
You feel your power returning.
Your Fighting skill increases to level 21!
There is a staircase leading out of the dungeon here.
You have escaped!

##.#.#.........#.#.........#.....
#.#.#.........§☼§.........#.....
#.#.#.........#8#.........#.....
##.#.##.......##☼##.......####.##
...#.####...####8###....###..#...
####.# #+#####...#####'# #..####
#.# ##.###.......###.###..# #.#
#...#.........#...##..#
#.###...'....@....'..)##..#
####...#...#.........#...##..#
.....#.#..###.......###.###..#
.###.#.##.#####...#####.# #..# .#
#.#.##..#####+#####..# #..#### .#
#.#.###......÷......####...... .#
#.#.#################.....#### ##
#...........# #..>.##
#...........# #....#


There were no monsters in sight!

Vanquished Creatures
  the Royal Jelly (Slime:5)
  8 orbs of fire (Zot:5)
  5 ancient liches
  Sojobo (Depths:1)
  3 Killer Klowns
  5 golden dragons
  Margery (Depths:5)
  2 pandemonium lords
  2 curse toes
  4 rockslimes
  A caustic shrike (Depths:4)
  4 electric golems
  A Shadow Fiend (Zot:5)
  An Orb Demon (Zot:1)
  29 Orb Guardians
  7 liches
  8 tentacled monstrosities
  2 quicksilver dragons
  2 wendigos
  2 deep elf blademasters (Elf:3)
  2 deep elf master archers (Elf:3)
  16 acid blobs
  An Executioner (D:12)
  5 sphinxes
  3 death cobs
  An ancient champion (Vaults:1)
  2 shadow dragons
  7 storm dragons
  A thorn hunter (Swamp:3)
  4 tengu reavers
  4 fire giants
  A balrug (D:6)
  5 draconian monks
  3 frost giants
  4 draconian knights
  Louise (Depths:1)
  16 azure jellies
  7 ghost moths
  A cacodemon (Zot:5)
  3 draconian stormcallers
  6 vault wardens
  4 orc warlords
  6 deep elf sorcerers
  3 emperor scorpions
  4 draconian shifters
  A reaper (Depths:3)
  3 draconian annihilators
  8 ironheart preservers
  5 draconian scorchers
  23 stone giants
  3 deep elf elementalists (Elf:3)
  3 spriggan defenders (Depths:3)
  3 jiangshi (Depths:5)
  9 green draconians
  33 very ugly things
  11 deep elf demonologists
  An eye of devastation (Depths:3)
  A vampire knight (Depths:4)
  7 white draconians
  4 entropy weavers
  7 deep elf annihilators
  3 black draconians
  5 dire elephants
  2 yellow draconians
  7 purple draconians
  An eidolon (Vaults:1)
  A merfolk javelineer (Depths:1)
  9 deep elf death magi
  10 spark wasps
  10 red draconians
  7 fire dragons
  11 yaktaur captains
  8 ettins
  Urug (D:10)
  3 deep elf high priests
  A green death (Depths:5)
  3 vault guards (Vaults:1)
  10 ice dragons
  5 rakshasas
  Psyche (D:11)
  A monstrous demonspawn (Depths:3)
  An anaconda (shapeshifter) (Vaults:2)
  6 spriggan air magi
  12 great orbs of eyes
  21 hydras
  2 shambling mangroves
  2 catoblepae
  2 ghost crabs
  5 ogre magi
  3 death knights
  A queen ant (Lair:2)
  A merfolk avatar (Swamp:1)
  9 deep troll earth magi
  12 two-headed ogres
  7 death oozes (Slime:5)
  A tengu warrior (Elf:2)
  14 dancing weapons
  10 death yaks
  7 orc high priests
  5 alligators
  2 vampire magi
  11 deep troll shamans
  An ancient automaton (Slime:1)
  23 deep elf knights
  A soul eater (Vaults:1)
  An ironheart beastmaster (Vaults:1)
  13 spriggan berserkers
  A goliath frog (Swamp:2)
  9 spriggans
  27 deep trolls
  A fire crab (shapeshifter) (Depths:4)
  2 iron trolls
  2 sun demons
  9 hell knights
  2 sixfirhies (Zot:5)
  A skeletal warrior (D:12)
  2 flayed ghosts
  33 centaur warriors
  5 spriggan druids
  A cherub (D:12)
  A death drake (Swamp:2)
  10 swamp dragons
  3 infernal demonspawn
  5 glowing orange brains
  An obsidian statue (Elf:2)
  2 unseen horrors
  2 orange crystal statues
  8 wizards
  A gelid demonspawn (Zot:1)
  8 cyclopes
  A wolf spider zombie (D:11)
  19 deep elf archers
  11 ironheart convokers
  11 orb spiders
  5 necromancers
  27 wolf spiders
  47 ugly things
  2 orc knights
  4 orc sorcerers
  69 deep elf magi
  2 manticores (D:12)
  8 shining eyes
  2 human zombies (Vaults:2)
  A large abomination (D:1)
  9 black mambas
  2 rust devils (Depths:3)
  A fire giant skeleton (Vaults:2)
  11 moths of wrath
  18 elephants
  10 will-o'-wisps
  9 vault sentinels
  4 torpor snails (Depths:4)
  Joseph (D:7)
  2 ice statues (IceCv)
  14 cane toads
  A smoke demon (Lair:6)
  9 rime drakes
  2 orange demons
  17 demonic crawlers
  A rime drake (shapeshifter) (Depths:4)
  12 komodo dragons
  A kobold demonologist (D:12)
  2 cane toads (shapeshifter)
  5 freezing wraiths
  4 ice devils (Lair:6)
  A komodo dragon (shapeshifter) (Depths:4)
  A tengu conjurer (Elf:2)
  An eye of draining (D:10)
  20 jumping spiders
  A tormentor (D:8)
  51 yaktaurs
  A human skeleton (Vaults:2)
  3 red devils
  A meliai (D:8)
  Maurice (D:10)
  A queen bee (Lair:3)
  4 trolls
  2 meliai (shapeshifter)
  14 blink frogs
  3 bog bodies
  A harpy zombie (D:10)
  60 slime creatures
  7 harpy skeletons
  10 tyrant leeches
  16 hornets
  A sphinx simulacrum (Vaults:1)
  A fire giant simulacrum (Vaults:1)
  A hippogriff (shapeshifter) (Depths:2)
  2 air elementals
  4 meliai zombies
  9 hippogriffs
  2 tarantellas (shapeshifter)
  A spriggan (shapeshifter) (Elf:1)
  26 tarantellas
  13 water elementals
  A shadow (D:12)
  A wraith (Vaults:1)
  A ynoxinul (D:1)
  2 vampires (D:11)
  35 yaks
  A human (D:7)
  5 fire elementals
  4 hogs (D:7)
  5 golden eyes (Slime:5)
  A hungry ghost (D:12)
  5 basilisks
  A chaos spawn (D:5)
  27 redbacks
  A redback (shapeshifter) (Depths:1)
  2 human simulacra (Vaults:2)
  A steam dragon (D:11)
  Menkaure (D:7)
  16 vampire mosquitoes
  A water moccasin (shapeshifter) (Vaults:2)
  2 acid dragons
  11 swamp worms
  Duvessa (D:7)
  A porcupine (shapeshifter) (Vaults:1)
  9 wargs
  18 crocodiles
  3 hell hounds (Lair:6)
  11 porcupines
  8 water moccasins
  25 orc warriors
  6 soldier ants
  2 sky beasts (D:6)
  A hornet zombie (D:10)
  17 ice beasts
  8 swamp drakes
  A necrophage (D:10)
  24 ogres
  2 phantoms
  13 boggarts
  12 wolves
  12 bullfrogs
  Blork the orc (D:5)
  6 earth elementals
  10 centaurs
  Dowan (D:7)
  4 scorpions
  35 killer bees
  3 wights
  5 howler monkeys
  6 crimson imps
  38 orc priests
  3 jellies
  A quasit (D:5)
  A yaktaur simulacrum (Vaults:1)
  6 hounds
  26 orc wizards
  A bullfrog skeleton (D:9)
  5 iguanas
  29 worker ants
  9 hell rats (Lair:1)
  3 hound zombies
  2 hound skeletons
  3 worker ant zombies
  9 gnolls
  A gnoll (shapeshifter) (Depths:4)
  12 adders
  12 river rats (Lair:1)
  3 shadow imps
  12 white imps (Lair:4)
  3 ufetubi
  3 worms
  4 leopard geckos
  107 orcs
  4 bats (D:1)
  17 goblins
  10 hobgoblins
  15 jackals
  20 kobolds
  9 quokkas
  A ball python (D:1)
  2 frilled lizards
  A jackal zombie (D:3)
  3 quokka skeletons
  13 rats
  3 ball lightnings (Depths:1)
  68 blocks of ice
  11 fungi
  14 plants
2185 creatures vanquished.

Vanquished Creatures (collateral kills)
  An orc high priest (Orc)
  An orc priest (Orc)
2 creatures vanquished.

Vanquished Creatures (others)
  A wizard (D:10)
  A moth of wrath (Zot:5)
  109 ball lightnings
  242 blocks of ice
  162 fulminant prisms
  19 fungi
  64 plants
598 creatures vanquished.

Grand Total: 2785 creatures vanquished

Notes
Turn   | Place    | Note
-------+----------+-------------------------------------------
     0 | D:1      | Artagas the Djinni Monk began the quest for the Orb.
     0 | D:1      | Reached XP level 1. HP: 19/19 MP: 2/2
   269 | D:1      | Reached XP level 2. HP: 20/26 MP: 3/3
  1172 | D:1      | Reached skill level 4 in Fighting
  1306 | D:2      | Reached skill level 4 in Long Blades
  1426 | D:2      | Reached XP level 3. HP: 29/33 MP: 2/4
  1445 | D:2      | Found a corrupted altar of Lugonu.
  1445 | D:2      | Found a shattered altar of Ashenzari.
  1816 | D:2      | Reached skill level 1 in Armour
  2214 | D:2      | Found an ornate altar of the Wu Jian Council.
  2516 | D:3      | Reached skill level 5 in Long Blades
  2516 | D:3      | Gained mutation: Your spells are harder to cast, but more
                  | powerful. [Djinni growth]
  2516 | D:3      | Gained mutation: You can translocate small distances at
                  | will. [Djinni growth]
  2516 | D:3      | Reached XP level 4. HP: 40/40 MP: 3/5
  3188 | D:3      | Reached XP level 5. HP: 39/46 MP: 6/6
  3606 | D:3      | Reached skill level 6 in Long Blades
  3758 | D:3      | Found a shimmering altar of Xom.
  3758 | D:3      | Found a glowing golden altar of the Shining One.
  4420 | D:4      | Reached skill level 5 in Fighting
  4518 | D:4      | Found Sawnad's Book Boutique.
  4573 | D:4      | Noticed an ice beast
  4605 | D:4      | Killed an ice beast
  4606 | D:4      | Reached skill level 2 in Throwing
  4606 | D:4      | Reached XP level 6. HP: 25/56 MP: 2/7
  4737 | D:4      | Bought a book of Minor Magic for 240 gold pieces
  5190 | D:5      | Entered Level 5 of the Dungeon
  5223 | D:4      | Reached skill level 6 in Fighting
  5225 | D:4      | Learned a level 1 spell: Magic Dart
  5366 | D:5      | Reached skill level 2 in Spellcasting
  5368 | D:5      | Reached XP level 7. HP: 63/63 MP: 5/11
  5435 | D:5      | Reached skill level 3 in Spellcasting
  5444 | D:5      | Reached skill level 1 in Conjurations
  5454 | D:5      | Reached skill level 2 in Conjurations
  5560 | D:5      | Reached skill level 4 in Spellcasting
  5672 | D:5      | Reached skill level 3 in Conjurations
  5689 | D:5      | Learned a level 3 spell: Conjure Flame
  5767 | D:5      | Noticed Blork the orc
  5787 | D:5      | Killed Blork the orc
  5788 | D:5      | Reached skill level 5 in Spellcasting
  5806 | D:5      | Found Pidigr Muzor's Food Shop.
  5906 | D:5      | Gained mutation: Your spells are much harder to cast, but
                  | much more powerful. [Djinni growth]
  5906 | D:5      | Reached XP level 8. HP: 69/71 MP: 9/15
  5957 | D:5      | Reached skill level 7 in Fighting
  6055 | D:5      | Reached skill level 1 in Fire Magic
  6155 | D:5      | Found an iron altar of Okawaru.
  6155 | D:5      | Found a bloodstained altar of Trog.
  6268 | D:5      | Found a sacrificial altar of Ru.
  6337 | D:6      | Learned a level 2 spell: Poisonous Vapours
  6341 | D:6      | Learned a level 3 spell: Ignite Poison
  6406 | D:6      | Reached skill level 2 in Fire Magic
  6469 | D:6      | Found a staircase to the Ecumenical Temple.
  6543 | Temple   | Entered the Ecumenical Temple
  7094 | D:6      | Reached skill level 1 in Transmutations
  7094 | D:6      | Reached skill level 1 in Air Magic
  7237 | D:6      | Reached skill level 4 in Conjurations
  7237 | D:6      | Reached skill level 1 in Poison Magic
  7495 | D:6      | Found a hide-covered altar of Uskayaw.
  7496 | D:6      | Found a radiant altar of Vehumet.
  7500 | D:6      | Became a worshipper of Vehumet
  7500 | D:6      | Reached * piety under Vehumet
  7500 | D:6      | Offered knowledge of Flame Tongue by Vehumet.
  7500 | D:6      | Reached ** piety under Vehumet
  7561 | D:6      | Reached skill level 2 in Air Magic
  7629 | D:7      | Noticed Dowan
  7641 | D:7      | Killed Dowan
  7642 | D:7      | Reached skill level 3 in Fire Magic
  7683 | D:6      | Offered knowledge of Shock by Vehumet.
  7686 | D:6      | Reached skill level 2 in Poison Magic
  7794 | D:7      | Reached skill level 6 in Spellcasting
  7802 | D:7      | Reached skill level 4 in Fire Magic
  7802 | D:7      | Reached skill level 3 in Air Magic
  7802 | D:7      | Reached skill level 3 in Poison Magic
  8062 | D:7      | Reached skill level 7 in Spellcasting
  8062 | D:7      | Reached XP level 9. HP: 79/79 MP: 6/19
  8069 | D:7      | Learned a level 3 spell: Mephitic Cloud
  8394 | D:7      | Noticed Menkaure
  8544 | D:7      | Noticed Duvessa
  8552 | D:7      | Killed Duvessa
  8553 | D:7      | Reached skill level 8 in Spellcasting
  8629 | D:7      | Killed Menkaure
  8630 | D:7      | Reached skill level 5 in Conjurations
  8631 | D:7      | Noticed Joseph
  8638 | D:7      | Killed Joseph
  8639 | D:7      | Reached skill level 9 in Spellcasting
  8820 | D:7      | Found a blossoming altar of Fedhas.
  8823 | D:7      | Found a stormy altar of Qazlal.
  9017 | D:7      | Reached skill level 2 in Evocations
  9020 | D:7      | Reached skill level 6 in Conjurations
  9020 | D:7      | Reached skill level 3 in Evocations
  9020 | D:7      | Offered knowledge of Inner Flame by Vehumet.
  9021 | D:7      | Reached skill level 4 in Evocations
  9137 | D:8      | Reached skill level 4 in Dodging
  9139 | D:8      | Reached skill level 8 in Fighting
  9139 | D:8      | Reached XP level 10. HP: 88/88 MP: 10/23
  9190 | D:8      | Found a flagged portal.
  9209 | Bailey   | Entered a bailey
  9229 | Bailey   | Reached *** piety under Vehumet
  9323 | Bailey   | Noticed an orc warlord
  9498 | Bailey   | Reached skill level 5 in Dodging
  9539 | Bailey   | Found a runed gate.
  9540 | Bailey   | Found a runed gate.
  9541 | Bailey   | Found a runed gate.
  9652 | Bailey   | Killed an orc warlord
  9653 | Bailey   | Reached skill level 7 in Conjurations
  9653 | Bailey   | Reached skill level 10 in Spellcasting
 10080 | D:8      | Offered knowledge of Fulminant Prism by Vehumet.
 10081 | D:8      | Reached skill level 6 in Dodging
 10086 | D:8      | Learned a level 4 spell: Fulminant Prism
 10214 | D:8      | Found a sparkling altar of Nemelex Xobeh.
 10367 | D:8      | Noticed a seven-headed hydra
 10372 | D:8      | Killed a seven-headed hydra
 10373 | D:8      | Reached skill level 2 in Hexes
 10381 | D:8      | Reached skill level 7 in Dodging
 10515 | D:8      | Reached skill level 3 in Hexes
 10614 | D:8      | Found Jizuekhlo's Antique Armour Boutique.
 10622 | D:8      | Bought a pair of gloves for 148 gold pieces
 10937 | D:9      | Found a staircase to the Lair.
 10951 | D:9      | Reached skill level 11 in Spellcasting
 11036 | D:9      | Reached **** piety under Vehumet
 11041 | D:9      | Reached XP level 11. HP: 74/94 MP: 10/26
 11046 | D:9      | Found Coney's Weapon Shop.
 11137 | D:9      | Reached skill level 8 in Conjurations
 11161 | D:9      | Offered knowledge of Sticky Flame by Vehumet.
 11499 | D:9      | Found Ruapt's Weapon Emporium.
 11521 | D:9      | Noticed a catoblepas
 11573 | D:9      | Killed a catoblepas
 11574 | D:9      | Reached skill level 12 in Spellcasting
 11656 | D:9      | Found a runed door.
 12110 | D:9      | Found a staircase to the Orcish Mines.
 12149 | Lair:1   | Entered Level 1 of the Lair of Beasts
 12168 | Lair:1   | Reached skill level 9 in Fighting
 12348 | Lair:1   | Reached skill level 8 in Dodging
 12427 | Lair:1   | Noticed a seven-headed hydra
 12434 | Lair:1   | Killed a seven-headed hydra
 12435 | Lair:1   | Reached skill level 13 in Spellcasting
 12491 | Lair:1   | Reached ***** piety under Vehumet
 12491 | Lair:1   | Offered knowledge of Lightning Bolt by Vehumet.
 12565 | Lair:1   | Reached skill level 5 in Evocations
 12930 | Lair:1   | Noticed kosoiffoigrumme1174's ghost (journeyman VSCK)
 13461 | Lair:1   | Found a transporter.
 13566 | Lair:1   | Found a transporter.
 13639 | Lair:2   | Reached skill level 9 in Conjurations
 13644 | Lair:2   | Noticed a four-headed hydra
 13751 | Lair:2   | Reached skill level 4 in Hexes
 13895 | Lair:2   | Gained mutation: Your casting is slightly disrupted.
                  | [Djinni growth]
 13895 | Lair:2   | Gained mutation: Your flesh is heat resistant. (rF+)
                  | [Djinni growth]
 13895 | Lair:2   | Gained mutation: You have an increased reservoir of magic.
                  | (+10% MP) [Djinni growth]
 13895 | Lair:2   | Gained mutation: You have a considerably increased
                  | reservoir of magic. (+20% MP) [Djinni growth]
 13895 | Lair:2   | Reached XP level 12. HP: 105/105 MP: 21/34
 14000 | Lair:2   | Killed a four-headed hydra
 14016 | Lair:2   | Reached skill level 10 in Fighting
 14219 | Lair:2   | Reached skill level 2 in Armour
 14239 | Lair:2   | Reached skill level 3 in Armour
 14334 | Lair:2   | Noticed a queen ant
 14344 | Lair:2   | Killed a queen ant
 14345 | Lair:2   | Reached skill level 4 in Armour
 14354 | Lair:2   | Reached skill level 11 in Fighting
 14354 | Lair:2   | Reached skill level 9 in Dodging
 14354 | Lair:2   | Reached skill level 14 in Spellcasting
 14354 | Lair:2   | Reached XP level 13. HP: 116/116 MP: 13/37
 14355 | Lair:2   | Reached skill level 15 in Spellcasting
 14355 | Lair:2   | Reached skill level 10 in Conjurations
 14355 | Lair:2   | Reached XP level 14. HP: 124/124 MP: 13/39
 15037 | Lair:3   | Reached skill level 10 in Dodging
 15541 | Lair:3   | Reached skill level 16 in Spellcasting
 16033 | Lair:3   | Found a hole to the Spider Nest.
 16304 | Lair:4   | Identified a scroll of acquirement
 16306 | Lair:4   | Identified the ring "Wetovesub" {MP+9 Int+4} (You acquired
                  | it on level 4 of the Lair of Beasts)
 16315 | Lair:4   | Learned a level 7 spell: Icicle Burst
 16462 | Lair:4   | Offered knowledge of Bolt of Draining by Vehumet.
 16473 | Lair:4   | Reached skill level 12 in Fighting
 16476 | Lair:4   | Found a frozen archway.
 16494 | IceCv    | Entered an ice cave
 16506 | IceCv    | Reached skill level 1 in Ice Magic
 16521 | IceCv    | Reached skill level 2 in Ice Magic
 16795 | IceCv    | Reached skill level 3 in Ice Magic
 16803 | IceCv    | Reached skill level 11 in Conjurations
 16947 | IceCv    | Got a shimmering platinum amulet
 16955 | IceCv    | Got a brightly glowing lapis lazuli ring
 16959 | IceCv    | Identified the ring "Mioq" {Wiz *Contam +Blink rElec} (You
                  | found it in an ice cave)
 16972 | IceCv    | Got a glittering sapphire amulet
 17239 | Lair:4   | Reached skill level 4 in Ice Magic
 17377 | Lair:4   | Found the +8 demon blade "Leech" {vamp, rN+ AC-5}
 17524 | Lair:4   | Found a staircase to the Swamp.
 17834 | Lair:5   | Reached skill level 5 in Ice Magic
 18011 | Lair:5   | Found a gate leading to a gauntlet.
 18020 | Gauntlet | Entered a Gauntlet
 18020 | Gauntlet | Found a transporter.
 18098 | Gauntlet | Found a transporter.
 18113 | Gauntlet | Found a transporter.
 18120 | Gauntlet | Found a transporter.
 18135 | Gauntlet | Found a transporter.
 18154 | Gauntlet | Found a transporter.
 18166 | Gauntlet | Found a transporter.
 18178 | Gauntlet | Found a transporter.
 18184 | Gauntlet | Found a transporter.
 18184 | Gauntlet | Found a transporter.
 18203 | Gauntlet | Found a transporter.
 18215 | Gauntlet | Found a transporter.
 18221 | Gauntlet | Found a transporter.
 18223 | Gauntlet | Found a transporter.
 18264 | Gauntlet | Found a transporter.
 18290 | Gauntlet | Found a transporter.
 18292 | Gauntlet | Found a transporter.
 18314 | Gauntlet | Found a transporter.
 18399 | Gauntlet | Noticed a shadow dragon
 18399 | Gauntlet | an iron troll changed into a shadow dragon
 18400 | Gauntlet | Noticed a caustic shrike
 18400 | Gauntlet | a shadow dragon changed into a caustic shrike
 18402 | Gauntlet | Noticed a shadow dragon
 18402 | Gauntlet | a caustic shrike changed into a shadow dragon
 18404 | Gauntlet | Noticed an iron dragon
 18404 | Gauntlet | a shadow dragon changed into an iron dragon
 18408 | Gauntlet | Noticed a greenwood witch
 18408 | Gauntlet | an iron dragon changed into a greenwood witch
 18664 | Lair:5   | Reached skill level 6 in Ice Magic
 18687 | Lair:5   | Reached skill level 7 in Ice Magic
 19040 | Lair:6   | Entered Level 6 of the Lair of Beasts
 19083 | Lair:6   | Reached XP level 15. HP: 107/132 MP: 29/42
 19143 | Lair:6   | Found the +3 crown of Dyrovepreva {rElec Int+2 SInv}
 19143 | Lair:6   | Got a wizard robe
 19245 | Lair:5   | Identified the +5 robe "Cigush" {Regen+ Str-4 Slay+3} (You
                  | found it on level 6 of the Lair of Beasts)
 19339 | Lair:6   | Reached skill level 8 in Ice Magic
 19596 | Lair:6   | Reached skill level 9 in Ice Magic
 19764 | Lair:6   | Reached skill level 10 in Ice Magic
 19783 | Lair:6   | Reached ****** piety under Vehumet
 20343 | Lair:6   | Offered knowledge of Conjure Ball Lightning by Vehumet.
 20353 | Lair:6   | Learned a level 6 spell: Conjure Ball Lightning
 20450 | Lair:6   | Found a staircase to the Elven Halls.
 20593 | Lair:6   | Reached skill level 12 in Conjurations
 20593 | Lair:6   | Reached skill level 11 in Ice Magic
 20824 | Lair:6   | Found a large runed door.
 20826 | Lair:6   | Found a large runed door.
 20830 | Lair:6   | Got a crude cloak
 21726 | Lair:6   | Found a burning altar of Makhleb.
 22007 | Lair:6   | Found a gateway to Hell.
 22056 | Lair:6   | Identified the +1 bardiche of Fundamental Breach {chop,
                  | Stlth+} (You acquired it on level 6 of the Lair of Beasts)
 22056 | Lair:6   | Identified the amulet "Jiluatukh" {Reflect SH+5 Stlth+}
                  | (You acquired it on level 6 of the Lair of Beasts)
 22059 | Lair:6   | Identified the +2 triple sword of Vieras {slice, Int+5}
                  | (You acquired it on level 6 of the Lair of Beasts)
 22059 | Lair:6   | Identified the +8 chain mail of Patience {rPois Str+4 Dex+3
                  | Slay-4} (You acquired it on level 6 of the Lair of Beasts)
 22059 | Lair:6   | Identified the amulet of Dafel {Faith +Inv Str+8 Int-3
                  | Stlth+} (You acquired it on level 6 of the Lair of Beasts)
 22223 | D:10     | Entered Level 10 of the Dungeon
 22224 | D:10     | Found Itwot's Armour Emporium.
 22246 | D:10     | Noticed Urug
 22251 | D:10     | Killed Urug
 22252 | D:10     | Noticed Maurice
 22365 | D:10     | Killed Maurice
 22569 | D:10     | Found Vijih's Assorted Antiques.
 22579 | D:10     | Bought a scroll of identify for 46 gold pieces
 22579 | D:10     | Bought a scroll of identify for 46 gold pieces
 22579 | D:10     | Bought a scroll labeled YFALAFR OSKUBE for 23 gold pieces
 22589 | D:10     | Identified the cursed +0 cloak of Yno Qaw {Int+7} (You
                  | found it on level 6 of the Lair of Beasts)
 22599 | D:10     | Identified the amulet "Saqaoq Vepn" {Inacc *Contam +Inv
                  | rC+++ MP+9} (You found it in an ice cave)
 22601 | D:10     | Identified the amulet of Neupn {Faith MR+ MP+9 Int-2} (You
                  | found it in an ice cave)
 22659 | D:10     | Found a bloodstained altar of Trog.
 22794 | D:10     | Found Hibenwoz's Distillery.
 22799 | D:10     | Bought 2 potions of haste for 280 gold pieces
 22799 | D:10     | Bought a potion of invisibility for 112 gold pieces
 22799 | D:10     | Bought 2 potions of curing for 70 gold pieces
 22799 | D:10     | Bought a potion of heal wounds for 70 gold pieces
 22799 | D:10     | Bought a potion of cancellation for 70 gold pieces
 22799 | D:10     | Bought a potion of curing for 35 gold pieces
 22930 | D:10     | Found Ciurino's Jewellery Shop.
 22943 | D:10     | Bought an uncursed ring of protection from magic for 250
                  | gold pieces
 23143 | Orc      | Entered the Orcish Mines
 23239 | Orc      | Offered knowledge of Fireball by Vehumet.
 23488 | Orc      | Found a staircase to the Slime Pits.
 23489 | Orc      | Found a viscous altar of Jiyva.
 23513 | Orc      | Reached skill level 13 in Conjurations
 23523 | Orc      | Reached skill level 12 in Ice Magic
 23705 | Orc      | Found Mexuemubb's Food Emporium.
 24146 | Orc      | Reached skill level 4 in Air Magic
 24173 | Orc      | Offered knowledge of Poison Arrow by Vehumet.
 24244 | Orc      | Found Jailedim's Armour Shoppe.
 24244 | Orc      | Found Qeuv's Antique Weapon Boutique.
 24262 | Orc      | Reached XP level 16. HP: 139/139 MP: 43/43
 24290 | Orc      | Found a roughly hewn altar of Beogh.
 24400 | Orc      | Found Ihywi's Jewellery Shoppe.
 24400 | Orc      | Found Ymui's Book Boutique.
 24938 | D:11     | Reached skill level 5 in Air Magic
 25150 | D:11     | Noticed Psyche
 25153 | D:11     | Killed Psyche
 25336 | D:11     | Got a fading broad axe
 25434 | D:11     | Found Fipyqux's Weapon Emporium.
 25977 | D:12     | Entered Level 12 of the Dungeon
 25983 | D:12     | Reached skill level 6 in Air Magic
 26143 | D:12     | Offered knowledge of Mana Rupture by Vehumet.
 26171 | D:12     | Learned a level 7 spell: Mana Rupture
 26669 | D:12     | Reached skill level 7 in Air Magic
 26693 | D:12     | Reached skill level 14 in Conjurations
 26729 | D:12     | Reached skill level 13 in Ice Magic
 26833 | D:12     | Reached skill level 8 in Air Magic
 27060 | D:12     | Found a gate to the Vaults.
 27076 | D:12     | Found Xuh Luyl's Gadget Boutique.
 27084 | D:12     | Bought a wand of acid (7) for 256 gold pieces
 27126 | D:12     | Reached skill level 9 in Air Magic
 27460 | D:12     | Found a staircase to the Depths.
 27728 | Swamp:1  | Entered Level 1 of the Swamp
 27731 | Swamp:1  | Identified the +10 morningstar "Vexatz" {antimagic, rElec
                  | rPois}
 27742 | Swamp:1  | Identified the +0 lajatang of Shrieking Terror {drain, rC-
                  | Int+4}
 27791 | Swamp:1  | Noticed SansUndertale's ghost (journeyman NaAc)
 27808 | Swamp:1  | Found a bloodstained altar of Trog.
 27815 | Swamp:1  | Found a transporter.
 27818 | Swamp:1  | Found a transporter.
 28067 | Swamp:1  | Reached skill level 10 in Air Magic
 28117 | Swamp:1  | Learned a level 8 spell: Chain Lightning
 28195 | Swamp:1  | Offered knowledge of Bolt of Fire by Vehumet.
 28749 | Swamp:2  | Reached skill level 11 in Air Magic
 29303 | Swamp:2  | Reached skill level 12 in Air Magic
 30171 | Swamp:3  | Entered Level 3 of the Swamp
 30242 | Swamp:3  | Reached skill level 13 in Air Magic
 30251 | Swamp:3  | Reached XP level 17. HP: 146/146 MP: 20/44
 30367 | Swamp:3  | Offered knowledge of Shatter by Vehumet.
 30367 | Swamp:3  | Offered knowledge of Tornado by Vehumet.
 30367 | Swamp:3  | Offered knowledge of Ignition by Vehumet.
 30714 | Swamp:3  | Reached skill level 14 in Air Magic
 30816 | Swamp:3  | Reached skill level 17 in Spellcasting
 30999 | Swamp:3  | Got a decaying rune of Zot
 31464 | Spider:1 | Entered Level 1 of the Spider Nest
 32860 | Spider:1 | Identified the +0 hat "Ilecub" {Dex+7} (You acquired it on
                  | level 1 of the Spider Nest)
 32860 | Spider:1 | Identified the ring of Cureg {MR+ Str+2 SInv} (You acquired
                  | it on level 1 of the Spider Nest)
 32860 | Spider:1 | Identified Sif Muna's Volume of Confrontation (You acquired
                  | it on level 1 of the Spider Nest)
 33339 | Spider:2 | Reached skill level 15 in Air Magic
 33438 | Spider:2 | Reached skill level 15 in Conjurations
 34068 | Spider:3 | Entered Level 3 of the Spider Nest
 34438 | Spider:3 | Learned a level 4 spell: Ice Form
 34666 | Spider:3 | Gained mutation: You can hurl hellfire. [Djinni growth]
 34666 | Spider:3 | Reached XP level 18. HP: 154/154 MP: 19/46
 34770 | Spider:3 | Reached skill level 16 in Air Magic
 34798 | Spider:3 | Reached skill level 16 in Conjurations
 34827 | Spider:2 | Learned a level 8 spell: Glaciate
 35795 | Spider:3 | Got a gossamer rune of Zot
 36048 | Vaults:1 | Entered Level 1 of the Vaults
 36277 | Vaults:1 | Reached skill level 17 in Air Magic
 36339 | Vaults:1 | Reached skill level 17 in Conjurations
 36787 | Vaults:1 | Reached skill level 14 in Ice Magic
 37004 | Vaults:1 | Found Sitatey's Antique Armour Boutique.
 37013 | Vaults:1 | Bought a pair of embroidered gloves for 210 gold pieces
 37013 | Vaults:1 | Bought a pair of glowing gloves for 210 gold pieces
 37254 | Vaults:1 | Found a staircase to the Crypt.
 37546 | Vaults:1 | Reached skill level 18 in Spellcasting
 37561 | Vaults:1 | Reached XP level 19. HP: 133/160 MP: 37/49
 38123 | Vaults:2 | Reached skill level 18 in Air Magic
 38243 | Vaults:2 | Reached skill level 19 in Air Magic
 39183 | Vaults:2 | Reached skill level 18 in Conjurations
 39717 | Vaults:2 | Found Zioxoeb's Food Emporium.
 40448 | Elf:1    | Entered Level 1 of the Elven Halls
 40560 | Elf:1    | Reached skill level 11 in Dodging
 40627 | Elf:1    | Reached skill level 13 in Fighting
 40880 | Elf:1    | Reached XP level 20. HP: 171/171 MP: 51/51
 40915 | Elf:1    | Found a runed translucent gate.
 40915 | Elf:1    | Found a runed translucent gate.
 40915 | Elf:1    | Found a runed translucent gate.
 40915 | Elf:1    | Found a runed translucent gate.
 40915 | Elf:1    | Found a runed translucent gate.
 40916 | Elf:1    | Found the -2 hat of the Alchemist {rElec rPois rF+ rC+ rN+
                  | MR+ rMut rCorr}
 40917 | Elf:1    | Found a runed translucent gate.
 41073 | Elf:1    | Reached skill level 19 in Spellcasting
 41863 | Elf:2    | Identified the +2 robe of the Moon {+Inv Regen+ Int+6
                  | Stlth+}
 42017 | Elf:2    | Identified the +1 pair of boots of the Serpent {rF++ Str-3}
 42145 | Elf:2    | Found a gateway to a bazaar.
 42177 | Bazaar   | Entered a bazaar
 42177 | Bazaar   | Found Luelik's Weapon Shoppe.
 42177 | Bazaar   | Found Ehowegh's Distillery.
 42179 | Bazaar   | Found Doxe's Armour Shoppe.
 42195 | Bazaar   | Found Uwko's Weapon Emporium.
 42199 | Bazaar   | Bought a potion of magic for 85 gold pieces
 42199 | Bazaar   | Bought a potion of ambrosia for 68 gold pieces
 42199 | Bazaar   | Bought a potion of cancellation for 85 gold pieces
 42199 | Bazaar   | Bought a potion of haste for 170 gold pieces
 42199 | Bazaar   | Bought a potion of curing for 42 gold pieces
 42199 | Bazaar   | Bought a potion of mutation for 136 gold pieces
 42199 | Bazaar   | Bought a potion of mutation for 136 gold pieces
 42323 | Elf:2    | Found Ucvag Sem's Jewellery Shop.
 42324 | Elf:2    | Found Roelaqil's Gadget Shoppe.
 42325 | Elf:2    | Found Teuk's Jewellery Shop.
 42366 | Elf:2    | Reached skill level 12 in Dodging
 42713 | Elf:2    | Reached skill level 5 in Armour
 42746 | Elf:2    | Found a runed gate.
 42746 | Elf:2    | Found a runed gate.
 42752 | Elf:2    | Found a runed gate.
 42858 | Elf:3    | Entered Level 3 of the Elven Halls
 43097 | Elf:3    | Reached skill level 6 in Armour
 43159 | Elf:3    | Noticed a golden dragon
 43565 | Elf:3    | Identified the +1 robe of Ukidgheir {rElec Stlth+}
 43690 | Elf:3    | Found the +6 Scorpio {venom, beckon}
 43797 | Elf:3    | Reached skill level 13 in Dodging
 43815 | Elf:3    | Reached skill level 7 in Armour
 43915 | Elf:3    | Learned a level 7 spell: Orb of Destruction
 44142 | Elf:3    | Identified the cursed +1 hand axe of Fury {chop, *Contam
                  | rElec MR+ Str+3}
 44142 | Elf:3    | Identified the cursed ring of Qumanunt {rElec EV-5 Str+8
                  | Int-5}
 44249 | Elf:3    | Reached skill level 8 in Armour
 44580 | Elf:3    | Identified the +10 long sword "Killer Klown's Curse"
                  | {freeze, rPois MR++ Str+3 Dex-5}
 44585 | Elf:3    | Reached skill level 9 in Armour
 45606 | Depths:1 | Entered Level 1 of the Depths
 45615 | Depths:1 | Reached XP level 21. HP: 154/178 MP: 36/52
 45703 | Depths:1 | Reached skill level 20 in Air Magic
 45757 | Depths:1 | Reached skill level 6 in Evocations
 45764 | Depths:1 | Reached skill level 7 in Evocations
 45890 | Depths:1 | Reached skill level 8 in Evocations
 45891 | Depths:1 | Reached skill level 14 in Fighting
 45952 | Depths:1 | Noticed Sojobo
 45957 | Depths:1 | Killed Sojobo
 46281 | Depths:1 | Reached skill level 15 in Fighting
 46335 | Depths:1 | Reached skill level 1 in Shields
 46481 | Depths:1 | Found a shimmering altar of Xom.
 46519 | Depths:1 | Found a one-way gate to the infinite horrors of the Abyss.
 46519 | Depths:1 | Noticed Louise
 46525 | Depths:1 | Killed Louise
 46575 | Depths:1 | Found a gateway to a ziggurat.
 46610 | Depths:1 | Reached skill level 2 in Shields
 46683 | Depths:1 | Found a glowing golden altar of the Shining One.
 47064 | Slime:1  | Entered Level 1 of the Pits of Slime
 47073 | Slime:1  | Reached skill level 3 in Shields
 47176 | Slime:1  | Reached skill level 4 in Shields
 47534 | Slime:3  | Reached skill level 5 in Shields
 47633 | Slime:4  | Reached skill level 6 in Shields
 47705 | Slime:5  | Entered Level 5 of the Pits of Slime
 47727 | Slime:5  | Reached skill level 7 in Shields
 47834 | Slime:5  | Noticed the Royal Jelly
 47918 | Slime:5  | Reached skill level 8 in Shields
 47922 | Slime:5  | Killed the Royal Jelly
 47923 | Slime:5  | Reached XP level 22. HP: 181/192 MP: 10/54
 48112 | Slime:5  | Reached skill level 20 in Spellcasting
 48409 | Slime:5  | Identified the amulet of Starshine {Gourm *Contam rF++
                  | MR+++}
 48426 | Slime:5  | Got a slimy rune of Zot
 48460 | Slime:5  | Identified the +1 pair of boots of the Other World {rN++
                  | Dex+4}
 48465 | Slime:5  | Identified the +7 lajatang "Epoun" {venom, *Corrode +Inv
                  | Dex+3}
 48509 | Slime:5  | Identified the +6 chain mail of Naxaynopn {rCorr}
 50472 | Depths:3 | Reached skill level 16 in Fighting
 50472 | Depths:3 | Reached skill level 14 in Dodging
 51948 | Depths:3 | Reached skill level 21 in Spellcasting
 52023 | Depths:3 | Reached skill level 9 in Evocations
 52024 | Depths:3 | Reached skill level 10 in Evocations
 52345 | Elf:2    | Bought a wand of iceblast (5) for 126 gold pieces
 52345 | Elf:2    | Bought a wand of acid (4) for 140 gold pieces
 52345 | Elf:2    | Bought a wand of iceblast (11) for 252 gold pieces
 52836 | Depths:3 | Found a one-way gate leading to the halls of Pandemonium.
 52911 | Depths:3 | Found Muneecobb's Armour Shoppe.
 53141 | Depths:3 | Reached XP level 23. HP: 204/204 MP: 48/57
 53207 | Depths:3 | Reached skill level 17 in Fighting
 53460 | Depths:3 | Learned a level 4 spell: Yara's Violent Unravelling
 53479 | Depths:3 | Learned a level 2 spell: Passwall
 53563 | Depths:4 | Reached skill level 1 in Earth Magic
 53660 | Depths:4 | Reached skill level 2 in Transmutations
 53770 | Depths:4 | Noticed a caustic shrike
 53774 | Depths:4 | Killed a caustic shrike
 53832 | Depths:4 | Reached skill level 2 in Earth Magic
 53863 | Depths:4 | Reached skill level 3 in Transmutations
 54417 | Depths:4 | Reached skill level 3 in Earth Magic
 54686 | Depths:4 | Reached skill level 9 in Shields
 54722 | Depths:4 | Reached skill level 10 in Armour
 54962 | Depths:4 | Reached skill level 15 in Dodging
 55596 | Depths:4 | Noticed an ancient lich
 55599 | Depths:4 | Killed an ancient lich
 55635 | Depths:4 | Noticed a Killer Klown
 55641 | Depths:4 | Killed a Killer Klown
 55739 | Depths:4 | Found a snail-covered altar of Cheibriados.
 55875 | Depths:5 | Entered Level 5 of the Depths
 56075 | Depths:5 | Reached skill level 18 in Fighting
 56075 | Depths:5 | Reached skill level 22 in Spellcasting
 56175 | Depths:5 | Reached XP level 24. HP: 216/216 MP: 58/58
 56233 | Depths:5 | Found Uhaogohik's Assorted Antiques.
 56241 | Depths:5 | Bought a scroll of fog for 78 gold pieces
 56241 | Depths:5 | Bought a scroll of fog for 78 gold pieces
 56241 | Depths:5 | Bought a potion of resistance for 390 gold pieces
 56333 | Depths:5 | Noticed Margery
 56335 | Depths:5 | Killed Margery
 56953 | Depths:5 | Noticed a golden dragon
 57313 | Depths:5 | Killed a golden dragon
 57361 | Depths:5 | Found a gate to the Realm of Zot.
 57496 | Depths:5 | Reached skill level 11 in Evocations
 57671 | Zot:1    | Entered Level 1 of the Realm of Zot
 57674 | Zot:1    | Reached skill level 19 in Fighting
 57674 | Zot:1    | Reached skill level 23 in Spellcasting
 57683 | Zot:1    | Noticed a golden dragon
 57689 | Zot:1    | HP: 23/221 [rockslime (38)]
 57690 | Zot:1    | Reached skill level 12 in Evocations
 57692 | Zot:1    | Reached skill level 13 in Evocations
 57692 | Zot:1    | Killed a golden dragon
 57705 | Zot:1    | Reached skill level 14 in Evocations
 57826 | Zot:1    | Reached skill level 15 in Evocations
 57890 | Zot:2    | Noticed a golden dragon
 57896 | Zot:2    | Killed a golden dragon
 58004 | Zot:3    | Reached XP level 25. HP: 218/228 MP: 38/60
 58068 | Zot:3    | Noticed a golden dragon
 58072 | Zot:3    | Killed a golden dragon
 58076 | Zot:3    | Reached skill level 20 in Fighting
 58259 | Zot:5    | Entered Level 5 of the Realm of Zot
 58578 | Zot:5    | Noticed a Killer Klown
 58583 | Zot:5    | Killed a Killer Klown
 58584 | Zot:5    | Reached skill level 16 in Dodging
 58584 | Zot:5    | Noticed an orb of fire
 58607 | Zot:5    | Killed an orb of fire
 58813 | Zot:5    | Noticed an orb of fire
 58816 | Zot:5    | Killed an orb of fire
 58817 | Zot:5    | Reached skill level 17 in Dodging
 58969 | Zot:5    | Noticed an orb of fire
 58971 | Zot:5    | Gained mutation: Potions are less effective at restoring
                  | your health. [an orb of fire]
 58973 | Zot:5    | Killed an orb of fire
 59455 | Zot:5    | Noticed an orb of fire
 59577 | Zot:5    | Killed an orb of fire
 59578 | Zot:5    | Reached skill level 24 in Spellcasting
 59789 | Zot:5    | Noticed an ancient lich
 59793 | Zot:5    | Killed an ancient lich
 60339 | Zot:5    | Noticed an ancient lich
 60344 | Zot:5    | Killed an ancient lich
 60591 | Zot:5    | Noticed an orb of fire
 60595 | Zot:5    | Killed an orb of fire
 60596 | Zot:5    | Reached skill level 25 in Spellcasting
 60611 | Zot:5    | Noticed an orb of fire
 60623 | Zot:5    | Killed an orb of fire
 60630 | Zot:5    | Noticed an ancient lich
 60646 | Zot:5    | Killed an ancient lich
 60647 | Zot:5    | Reached XP level 26. HP: 239/239 MP: 46/62
 60662 | Zot:5    | Noticed an orb of fire
 60664 | Zot:5    | Gained mutation: You are dopey. (Int -2) [an orb of fire]
 60665 | Zot:5    | Killed an orb of fire
 60837 | Zot:5    | Noticed an orb of fire
 60841 | Zot:5    | Killed an orb of fire
 60842 | Zot:5    | Reached skill level 26 in Spellcasting
 61335 | Zot:5    | Noticed an ancient lich
 61338 | Zot:5    | Killed an ancient lich
 61357 | Zot:5    | Noticed a golden dragon
 61360 | Zot:5    | Killed a golden dragon
 61518 | Zot:5    | Reached skill level 27 in Spellcasting
 61680 | Zot:5    | Noticed a Killer Klown
 61683 | Zot:5    | Killed a Killer Klown
 62177 | Zot:5    | Got the Orb of Zot
 62547 | D:8      | Noticed Lufy Ufa the pandemonium lord
 62552 | D:8      | Killed Lufy Ufa the pandemonium lord
 62583 | D:6      | Reached skill level 18 in Dodging
 62710 | D:1      | Noticed Ceys Kameh the pandemonium lord
 62715 | D:1      | Killed Ceys Kameh the pandemonium lord
 62716 | D:1      | Reached skill level 21 in Fighting
 62720 | D:$      | Escaped with the Orb!

Skill      XL: |  1  2  3  4  5  6  7  8  9 10 11 12 13 14 15 16 17 18 19 20 21 22 23 24 25 26 |
---------------+-------------------------------------------------------------------------------+-----
Fighting       | 4 5 6 7 8 9 11 12 13 15 16 18 19 20 21 | 21.0
Long Blades    | 4 5 6 |  6.0
Armour         | 1 4 9 10 | 10.0
Throwing       | 2 |  2.0
Spellcasting   | 2 5 7 9 11 13 14 15 16 17 18 19 21 22 23 25 27 | 27.0
Conjurations   | 3 4 6 7 9 10 11 13 14 15 17 18 | 18.0
Fire Magic     | 4 |  4.0
Transmutations | 1 3 |  3.0
Air Magic      | 3 4 13 15 17 19 20 | 20.0
Poison Magic   | 3 |  3.0
Evocations     | 4 5 8 10 15 | 15.0
Dodging        | 4 7 8 9 10 11 13 14 15 17 18 | 18.1
Hexes          | 3 4 |  4.0
Ice Magic      | 7 12 13 14 | 14.0
Shields        | 8 9 |  9.0
Earth Magic    | 3 |  3.0
Stealth        | |  1.5
Invocations    | |  2.1

Action                   |  1- 3 |  4- 6 |  7- 9 | 10-12 | 13-15 | 16-18 | 19-21 | 22-24 | 25-27 || total
-------------------------+-------+-------+-------+-------+-------+-------+-------+-------+-------++-------
Melee: Falchion          |   190 |   193 |       |       |       |       |       |       |       ||   383
       Long sword        |       |    47 |   123 |     3 |       |       |       |       |       ||   173
       Staff             |       |       |       |     3 |     2 |     1 |       |     2 |       ||     8
Throw: Stone             |    15 |    36 |       |       |       |       |       |       |       ||    51
       Tomahawk          |       |    18 |    75 |    39 |     4 |     2 |       |       |       ||   138
 Cast: Magic Dart        |       |       |    45 |    54 |     2 |       |       |       |       ||   101
       Poisonous Vapours |       |       |    23 |   103 |   107 |    16 |       |       |       ||   249
       Ignite Poison     |       |       |    17 |    70 |    75 |    10 |       |       |       ||   172
       Mephitic Cloud    |       |       |     7 |    10 |    18 |       |       |       |       ||    35
       Fulminant Prism   |       |       |       |    89 |    73 |       |       |       |       ||   162
       Icicle Burst      |       |       |       |       |   155 |   425 |   163 |    10 |    23 ||   776
       Conjure Ball Ligh |       |       |       |       |    15 |    23 |     1 |       |       ||    39
       Chain Lightning   |       |       |       |       |       |    54 |    75 |    53 |     8 ||   190
       Ice Form          |       |       |       |       |       |     1 |     2 |       |       ||     3
       Glaciate          |       |       |       |       |       |    14 |   160 |   295 |   133 ||   602
       Orb of Destructio |       |       |       |       |       |       |     2 |     7 |    10 ||    19
 Abil: Blink             |       |       |       |       |     2 |       |       |       |       ||     2
       End Transformatio |       |       |       |       |       |     1 |     2 |       |       ||     3
       Evoke Invisibilit |       |       |       |       |       |       |       |     3 |     8 ||    11
       Evoke Blink       |       |       |       |       |       |       |       |     1 |       ||     1
Evoke: Wand              |       |       |       |     4 |     4 |     3 |     1 |     5 |     7 ||    24
       Sack of spiders   |       |       |       |       |     1 |       |       |       |       ||     1
  Use: Scroll            |     3 |     8 |     4 |    12 |    11 |     8 |       |     8 |     2 ||    56
       Potion            |       |       |     4 |     1 |     3 |     1 |     1 |    11 |     3 ||    24
 Stab: Sleeping          |     1 |       |       |       |       |       |       |       |       ||     1
       Confused          |       |       |     1 |       |       |       |       |       |       ||     1
  Eat: Chunk             |    10 |    16 |    14 |    23 |    37 |    43 |    33 |    11 |       ||   187
       Ration            |       |       |     2 |       |     1 |     3 |     3 |     8 |     6 ||    23
Armor: Robe              |    12 |       |       |       |    12 |    27 |    12 |     7 |     3 ||    73
       Leather armour    |     9 |       |    27 |    19 |    21 |       |       |       |       ||    76
       Chain mail        |    28 |       |       |       |       |       |       |       |       ||    28
       Ring mail         |    17 |       |     9 |       |       |       |       |       |       ||    26
       Scale mail        |       |    73 |     7 |       |       |       |       |       |       ||    80
Dodge: Dodged            |    88 |    90 |   103 |   157 |   159 |    90 |    99 |    42 |    13 ||   841
Block: Other             |     2 |     6 |     4 |       |       |       |       |       |       ||    12
       Buckler           |       |       |       |       |       |       |       |    18 |     5 ||    23

Levels and vault maps discovered:
D:1:      dpeg_arrival_three_smaller_balls, layout_basic
D:2:      layout_loops_ring, nzn_wu_jian_council_hall,
          chequers_temple_overflow_statue_of_worship,
          minmay_misc_feat_nine_boxes
D:3:      layout_loops_corners, gammafunk_temple_overflow_statue, first_ration
D:4:      layout_cave_pools, serial_shops, nicolae_shop_behind_doors
D:5:      layout_loops_ring, grunt_temple_overflow_bloody_war, serial_shops,
          kennysheep_mini_moat, nicolae_ru_the_path_less_chosen,
          uniq_blork_the_orc
D:6:      layout_loops_cross, minitemple, minmay_temple_entry_stoned_glass
D:7:      layout_rooms, grunt_temple_overflow_forces_of_nature, grunt_livestock,
          uniq_joseph, uniq_duvessa, uniq_menkaure
D:8:      layout_gridville, enter_bailey_5, serial_shops, shop,
          nemelex_xobeh_ov_fountains_minmay
D:9:      layout_irregular_city, minmay_lair_entry_grove, serial_shops,
          kennysheep_mini, shop_statue, minmay_misc_feat_hallway,
          lightli_church_of_beogh
D:10:     layout_rooms, serial_shops, shop, shop, nicolae_shop_crystal,
          shop_fountains, minivault_25, trog_wizard, uniq_maurice, uniq_urug
D:11:     layout_roguey, serial_shops, kennysheep_little_box, uniq_psyche
D:12:     grunt_enter_depths_snipers, layout_long_grid,
          hangedman_vaults_entry_quadrant_bands, serial_shops,
          nicolae_shop_competitors_out_of_business, abandoned_shop
Temple:   minmay_temple_forest_path
Lair:1:   lemuel_ratsnest, layout_chaotic_city,
          gammafunk_ghost_berserking_beasts, infiniplex_staircase_pool
Lair:2:   layout_regular_city, zaba_antful_of_joy
Lair:3:   layout_roguey [special_room_bee], spider_nest_entry_rubble,
          lemuel_fruit_tree, grunt_megastairs_2
Lair:4:   layout_roguey, minmay_swamp_entry_swarm, portal_ice_cave_entry_imps,
          dreamdust_deal_with_the_devil, serial_bayou_pond_a,
          serial_bayou_shore_b, grunt_megastairs_3
Lair:5:   layout_hall_layers, gauntlet_entry_generic
Lair:6:   evil_forest, layout_small_grid, infiniplex_staircase_pool_2
Swamp:1:  layout_basic_swamp, gammafunk_ghost_wrathful_warriors,
          serial_swamp_ruin, evilmike_swamp_ruin_rubble_2,
          evilmike_swamp_ruin_house_5, swamp_pool4, grunt_lady_of_the_lake
Swamp:2:  layout_basic_swamp, hangedman_swamp_blocks, swamp_pool4
Swamp:3:  swamp, layout_basic_swamp
Spider:1: layout_spider_delve
Spider:2: layout_spider_delve
Spider:3: grunt_spider_rune_island
Slime:1:  nicolae_slime_infinislime, layout_slime_grid
Slime:2:  layout_slime_grid, nicolae_slime_barrier
Slime:3:  layout_slime_grid, nicolae_slime_round_cave
Slime:4:  layout_slime_grid
Slime:5:  slime_pit
Orc:      st_orc_town, layout_diamond_mine, slime_altar_1, serial_shops, shop,
          guppyfry_library_mini
Elf:1:    eino_elf_arrival_sip, layout_loops_corners, orc_legates
Elf:2:    nicolae_elf_blades_splatter_lattice
          [nicolae_vaults_blade_armed_guards], layout_geoelf_diagonals,
          serial_shops, statue_bzr, corexii_leaking_fountain, minmay_shop_grove
Elf:3:    elf_hall_gauntlet_narrow, layout_onion_city
Vaults:1: hangedman_vaults_nails, nicolae_vaults_hallways_thing,
          hangedman_vaults_maws, nicolae_vaults_network_s,
          vaults_standard_mumra_lines, minmay_crypt_entry_simple_plaza,
          hangedman_vaults_stretched_pinwheel, v_misc_19, vaults_room_pool,
          dpeg_vaults_monster_box, v_alt_pattern_2, layout_vaults_chaotic_city,
          serial_shops, nicolae_shop_waterfront
Vaults:2: grunt_vaults_trifunnel, nicolae_vaults_little_squares_2,
          hangedman_vaults_stitches, serial_ice_b, serial_ice_h,
          hangedman_vaults_nodes, st_more_cells, hangedman_vaults_snaps,
          v_pattern_1, vaults_dpeg_hooks, nicolae_vaults_three_branches,
          grunt_vaults_hallway_long, layout_vaults_big_cross, serial_shops, shop
Depths:1: layout_cave_pools, enter_ziggurat_f, tso_metal_star,
          nicolae_abyss_entry_one_way_or_another, hell_entry, xom_teletrap_fun,
          serial_bayou_shore_b, uniq_sojobo
Depths:2: wad_mega_maze, layout_honeycomb, pf_coc_iceberg,
          kennysheep_cross_room, st_stairs_9
Depths:3: minmay_the_grid_octo_triangle [minmay_the_grid_octo_horde,
          minmay_the_grid_octo_prize_star,
          minmay_the_grid_octo_tetromino_candy], layout_cave_pools, abyss_entry,
          hangedman_decor_points, serial_shops, shop,
          hangedman_tar_grid_catacomb, rand_demon_pan_entry_3,
          kennysheep_small_spiral
Depths:4: pf_snail_temple, layout_cave_shapes, hell_entry, abyss_entry,
          grunt_decor_mini_mirrors, infiniplex_staircase_pool_1
Depths:5: grunt_zot_entry_bicorn, layout_gridlike, minmay_fountain_box,
          hell_entry, serial_shops, nicolae_shop_stone, roderic_lattice_a,
          serial_bayou_shore_b, uniq_margery
Zot:1:    layout_misc_corridors, regret_index_zotdec_twisting_globes
Zot:2:    layout_twisted_circle
Zot:3:    layout_gridlike, regret_index_zotdec_magical_s, st_stairs_7
Zot:4:    layout_gridlike
Zot:5:    layout_misc_corridors

Table legend:
 A = Turns spent in this place as a percentage of turns spent in the entire game.
 B = Non-inter-level travel turns spent in this place as a percentage of non-inter-level travel turns spent in the entire game.
 C = Inter-level travel turns spent in this place as a percentage of turns spent in this place.
 D = Turns resting spent in this place as a percentage of non-inter-level travel turns spent in this place.
 E = Turns spent auto-exploring this place as a percentage of non-inter-level travel turns spent in this place.
 F = Non-inter-level travel turns spent in this place divided by the number of levels of this place that you've seen.
                   A       B       C       D       E      F
               +-------+-------+-------+-------+-------+----------------------
         Total | 100.0 | 100.0 |   7.6 |  28.5 |  54.5 | 1158.8
       Dungeon |  26.3 |  25.4 |  10.8 |  20.2 |  58.8 | 1224.8
        Temple |   0.7 |   0.7 |   8.3 |   0.0 |  99.5 | 411.0
          Lair |  15.8 |  15.1 |  11.4 |  22.5 |  60.6 | 1462.8
         Swamp |   5.5 |   5.6 |   6.6 |  25.7 |  59.4 | 1074.7
   Spider Nest |   7.0 |   7.3 |   3.0 |  26.2 |  60.0 | 1416.0
    Slime Pits |   3.0 |   3.1 |   4.9 |  48.1 |  31.1 | 361.8
  Orcish Mines |   2.6 |   2.7 |   4.2 |  14.4 |  67.5 | 1587.0
   Elven Halls |   8.0 |   8.2 |   6.0 |  21.2 |  65.3 | 1576.3
        Vaults |   7.0 |   7.1 |   6.2 |  25.5 |  62.8 | 2060.0
        Depths |  14.0 |  14.0 |   7.4 |  33.8 |  54.8 | 1626.4
           Zot |   7.2 |   7.7 |   1.8 |  71.9 |   8.0 | 892.6
        Bazaar |   0.1 |   0.1 |   0.0 |   0.0 |  70.5 |  44.0
        Bailey |   1.1 |   1.2 |   0.0 |  35.3 |  25.0 | 675.0
      Ice Cave |   0.9 |   0.9 |   0.0 |  38.4 |  17.4 | 536.0
      Gauntlet |   0.8 |   0.8 |   0.0 |  13.9 |  69.3 | 488.0
               +-------+-------+-------+-------+-------+----------------------

Table legend:
 A = Kills in this place as a percentage of kills in entire the game.
 B = Kills by you in this place as a percentage of kills by you in the entire game.
 C = Kills by friends in this place as a percentage of kills by friends in the entire game.
 D = Other kills in this place as a percentage of other kills in the entire game.
 E = Experience gained in this place as a percentage of experience gained in the entire game.
 F = Experience gained in this place divided by the number of levels of this place that you have seen.
                   A       B       C       D       E      F
               +-------+-------+-------+-------+-------+----------------------
         Total | 100.0 | 100.0 | 100.0 | 100.0 | 100.0 | 28402.3
       Dungeon |  18.6 |  18.6 |   0.0 | 100.0 |   5.4 | 6352.8
          Lair |  13.6 |  13.6 |   0.0 |   0.0 |   4.8 | 11394.8
         Swamp |   5.0 |   5.0 |   0.0 |   0.0 |   3.7 | 17615.7
   Spider Nest |   7.2 |   7.2 |   0.0 |   0.0 |   5.2 | 24405.7
    Slime Pits |   4.1 |   4.1 |   0.0 |   0.0 |   5.8 | 16375.0
  Orcish Mines |   5.1 |   5.0 | 100.0 |   0.0 |   0.9 | 13453.0
   Elven Halls |   8.7 |   8.7 |   0.0 |   0.0 |   9.2 | 43333.3
        Vaults |  10.6 |  10.6 |   0.0 |   0.0 |   9.7 | 69230.5
        Depths |  18.0 |  18.0 |   0.0 |   0.0 |  28.5 | 80904.0
           Zot |   6.9 |   6.9 |   0.0 |   0.0 |  26.3 | 74807.2
        Bailey |   1.3 |   1.3 |   0.0 |   0.0 |   0.1 | 2009.0
      Ice Cave |   0.9 |   0.9 |   0.0 |   0.0 |   0.4 | 5094.0
               +-------+-------+-------+-------+-------+----------------------
